 Dungeon Crawl Stone Soup version 0.25.1-2-g60ff931df9 (webtiles) character file.

Game seed: 10298187539353559741

4976 Johnny the Frost Mage (level 10, -8/69 HPs)
             Began as a Demigod Ice Elementalist on Aug 24, 2020.
             Mangled by a killer bee (9 damage)
             ... on level 8 of the Dungeon.
             The game lasted 00:11:05 (11264 turns).

Johnny the Frost Mage (Demigod Ice Elementalist)   Turns: 11264, Time: 00:11:05

Health: -8/69      AC:  6    Str: 10 (11) XL:     10   Next: 8%
Magic:  8/25       EV: 12    Int: 24 (25) God:
Gold:   322        SH:  0    Dex: 14 (16) Spells: 16/24 levels left

rFire    . . .     SeeInvis .   l - staff of cold
rCold    + . .     Gourm    .   (no shield)
rNeg     . . .     Faith    .   u - +2 robe {MR+}
rPois    .         Spirit   .   d - +0 helmet
rElec    .         Reflect  .   (no cloak)
rCorr    .         Harm     .   p - +0 pair of gloves
MR       ++...                  (no boots)
Stlth    ++........             (no amulet)
HPRegen  0.21/turn              F - ring of flight
MPRegen  0.19/turn              (no ring)

@: brilliant, lethally poisoned (-8 -> -37), frozen ramparts
A: high mp 1
a: Evoke Flight


You were on level 8 of the Dungeon.
You were not hungry.

You visited 2 branches of the dungeon, and saw 9 of its levels.

You collected 322 gold pieces.

Inventory:

Hand Weapons
 v - a +2 whip of electrocution
 B - a +2 scimitar of holy wrath
Armour
 d - a +0 helmet (worn)
 g - a +2 robe of positive energy
 p - a +0 pair of gloves (worn)
 u - a +2 robe of magic resistance (worn)
Magical Staves
 l - an uncursed staff of cold (weapon)
 z - an uncursed staff of fire {unknown}
Jewellery
 F - a ring of flight (left hand)
Wands
 q - a wand of flame (21)
 y - a wand of disintegration (16)
 H - a wand of digging (3)
Scrolls
 b - 2 scrolls of fear {unknown}
 e - 4 scrolls of teleportation
 f - 3 scrolls of remove curse
 k - 2 scrolls of amnesia {unknown}
 n - a scroll of immolation {unknown}
 o - 3 scrolls of enchant armour {unknown}
 w - 2 scrolls of random uselessness {unknown}
 x - a scroll of noise {unknown}
 E - a scroll of enchant weapon
 J - a scroll of vulnerability {unknown}
Potions
 a - 2 potions of cancellation {unknown}
 h - 4 potions of lignification
 i - a potion of curing {unknown}
 j - a potion of ambrosia
 m - 2 potions of haste {unknown}
 r - a potion of flight {unknown}
 s - a potion of heal wounds {unknown}
 t - a potion of berserk rage {unknown}
 A - 2 potions of degeneration
 C - 2 potions of stabbing {unknown}
 D - 2 potions of brilliance
 G - a potion of magic {unknown}
Comestibles
 c - 7 rations


   Skills:
 - Level 1.7 Dodging
 - Level 1.7 Stealth
 + Level 7.6 Spellcasting
 * Level 11.8 Ice Magic


You had 16 spell levels left.
You knew the following spells:

 Your Spells              Type           Power        Failure   Level  Hunger
a - Freeze                Ice            ####         1%          1    None
b - Frozen Ramparts       Ice            ######       1%          3    None
c - Summon Ice Beast      Ice/Summ       ######..     6%          4    None

Your spell library contained the following spells:

 Spells                   Type           Power        Failure   Level  Hunger
 Ozocubu's Armour         Chrm/Ice       ######..     1%          3    None
 Hailstorm                Conj/Ice       ######..     6%          4    None


Dungeon Overview and Level Annotations

Branches:
Dungeon (8/15)             Temple (1/1) D:4
   Lair: D:8-11

Shops:
D:8 (


Innate Abilities, Weirdness & Mutations

You have an increased reservoir of magic. (+10% MP)


Message History

Okay, then.
It was a potion of brilliance.
You feel clever all of a sudden.
You feel sick.
The wall freezes the killer bee. x2; The killer bee stings you!
* * * LOW HITPOINT WARNING * * *
You are more poisoned.
The killer bee poisons you!
Your ice beast closely misses the killer bee.
The wall freezes the killer bee.
The killer bee stings you.
* * * LOW HITPOINT WARNING * * *
The wall freezes the killer bee.
The killer bee stings you.
* * * LOW HITPOINT WARNING * * *
You are more poisoned.
The killer bee poisons you!
Your ice beast misses the killer bee.
It was a potion of degeneration.
There was something very wrong with that liquid.
You feel weakened.
You feel dopey.
You feel clumsy.
* * * LOW HITPOINT WARNING * * *
You feel sick.
The wall freezes the killer bee.
The killer bee stings you!
You die...

....#. ##.....#
##......##
##..#.....# ###
##...#...... ..###
##.....[....
....###
##..#.Y..###
......##
##..##Yy###
.......###..###Y@#
)..........## #y##
...........# #†.#
..........## #.#y#
.........## #.##.#
.....#..## #.. #.#
.####..## #.. ##
####..## #..
##..## #...


You could see 2 killer bees and 3 friendly ice beasts.

Vanquished Creatures
  Pikel (D:4)
  Maggie (D:6)
  Psyche (D:8)
  A queen bee (D:8)
  Grinder (D:4)
  Prince Ribbit (D:5)
  Sigmund (D:5)
  Eustachio (D:5)
  Menkaure (D:4)
  Edmund (D:5)
  The ghost of Regoshi the Sneak, an amateur SpEn (D:4)
  2 orc warriors (D:7)
  3 ogres
  3 centaurs
  A crocodile (D:8)
  Blork the orc (D:4)
  A bullfrog (D:8)
  A scorpion (D:8)
  5 killer bees (D:8)
  4 crimson imps
  A quasit (D:6)
  A bullfrog zombie (D:6)
  2 jellies
  A bullfrog skeleton (D:4)
  5 orc priests
  4 hounds
  4 worker ants
  Natasha (D:3)
  An iguana (D:7)
  10 orc wizards
  A hound zombie (D:5)
  4 gnolls (D:7)
  A howler monkey skeleton (D:7)
  10 adders
  A shadow imp (D:6)
  An adder skeleton (D:5)
  4 worms
  2 dart slugs
  3 leopard geckos
  25 orcs
  11 bats
  6 giant cockroaches
  2 hobgoblins (D:1)
  10 jackals
  2 frilled lizards
  15 goblins
  12 kobolds
  7 rats
179 creatures vanquished.

Vanquished Creatures (collateral kills)
  An orc warrior (D:7)
  2 ice beasts (D:5)
  A black bear (D:7)
  4 necrophages
  A phantom (D:5)
  A centaur (D:8)
  A wyvern zombie (D:7)
  A water moccasin zombie (D:7)
  A wight (D:7)
  A centaur zombie (D:7)
  A bullfrog skeleton (D:8)
  A worker ant zombie (D:5)
  A shadow imp (D:8)
  6 orcs
23 creatures vanquished.

Vanquished Creatures (others)
  An ice beast (D:5)
  3 slaves (D:5)
  An ogre (D:5)
  A scorpion (D:5)
  A bullfrog zombie (D:5)
  2 orc wizards (D:5)
  A shadow imp (D:5)
  An orc (D:5)
  A quokka (D:5)
12 creatures vanquished.

Grand Total: 214 creatures vanquished

Notes
Turn   | Place    | Note
-------+----------+-------------------------------------------
     0 | D:1      | Johnny the Demigod Ice Elementalist began the quest for the
                  | Orb.
     0 | D:1      | Reached XP level 1. HP: 14/14 MP: 5/5
   674 | D:1      | Reached XP level 2. HP: 20/20 MP: 4/7
   714 | D:1      | Reached skill level 4 in Ice Magic
  1464 | D:1      | Reached XP level 3. HP: 25/26 MP: 1/9
  2271 | D:2      | Learned a level 3 spell: Frozen Ramparts
  2846 | D:3      | Reached XP level 4. HP: 33/33 MP: 10/10
  3201 | D:3      | Noticed Natasha
  3205 | D:3      | Killed Natasha
  3205 | D:3      | Reached skill level 5 in Ice Magic
  3405 | D:3      | Reached XP level 5. HP: 38/38 MP: 7/12
  4306 | D:4      | Reached skill level 6 in Ice Magic
  4347 | D:4      | Reached XP level 6. HP: 45/45 MP: 10/14
  4547 | D:4      | Found a glowing silver altar of Zin.
  4916 | D:4      | Found an ancient bone altar of Kikubaaqudgha.
  4916 | D:4      | Found a blossoming altar of Fedhas.
  4919 | D:4      | Noticed Blork the orc
  4927 | D:4      | Killed Blork the orc
  4928 | D:4      | Noticed Menkaure
  4943 | D:4      | Killed Menkaure
  4943 | D:4      | Reached XP level 7. HP: 46/50 MP: 7/16
  5039 | D:4      | Found a staircase to the Ecumenical Temple.
  5061 | D:4      | Reached skill level 7 in Ice Magic
  5188 | D:4      | Found a runed translucent door.
  5190 | D:4      | Noticed Regoshi's ghost (amateur SpEn)
  5197 | D:4      | Killed Regoshi's ghost
  5251 | D:4      | Noticed Grinder
  5272 | D:4      | Killed Grinder
  5439 | Temple   | Entered the Ecumenical Temple
  5451 | D:5      | Entered Level 5 of the Dungeon
  5451 | D:5      | Noticed Pikel
  5465 | D:4      | Killed Pikel
  5465 | D:4      | Reached skill level 5 in Spellcasting
  5465 | D:4      | Reached skill level 8 in Ice Magic
  5465 | D:4      | Reached XP level 8. HP: 51/57 MP: 11/19
  5492 | D:4      | Learned a level 4 spell: Summon Ice Beast
  5598 | D:5      | Found an opulent altar of Gozag.
  5955 | D:5      | Found a bloodstained altar of Trog.
  5955 | D:5      | Found a radiant altar of Vehumet.
  5956 | D:5      | Found a hazy altar of Hepliaklqana.
  6019 | D:5      | Noticed Prince Ribbit
  6027 | D:5      | Killed Prince Ribbit
  6027 | D:5      | Reached skill level 9 in Ice Magic
  6298 | D:5      | Noticed Edmund
  6300 | D:5      | Noticed Sigmund
  6315 | D:5      | Killed Sigmund
  6317 | D:5      | Killed Edmund
  6811 | D:5      | Noticed Eustachio
  6835 | D:5      | Killed Eustachio
  7628 | D:6      | Reached skill level 10 in Ice Magic
  7628 | D:6      | Reached XP level 9. HP: 48/62 MP: 15/22
  7726 | D:6      | Noticed Maggie
  7739 | D:6      | Killed Maggie
  8291 | D:6      | Found a hide-covered altar of Uskayaw.
  8412 | D:6      | Found an ornate altar of the Wu Jian Council.
  8576 | D:6      | Found a burning altar of Makhleb.
  8628 | D:6      | Found a sacrificial altar of Ru.
  9135 | D:7      | Reached skill level 11 in Ice Magic
 10402 | D:8      | Noticed Psyche
 10412 | D:8      | Killed Psyche
 11003 | D:8      | Found Vobricia's Antique Weapon Shoppe.
 11254 | D:8      | Reached XP level 10. HP: 49/69 MP: 22/25
 11263 | D:8      | HP: 3/69 [killer bee (6)]
 11264 | D:8      | HP: 1/69 [poisoned by a killer bee]
 11264 | D:8      | Mangled by a killer bee

Illustrated notes

Levels and vault maps discovered:
D:1:      minmay_arrival_loop, layout_basic
D:2:      layout_basic, first_ration
D:3:      layout_basic, minivault_5, uniq_natasha
D:4:      layout_rooms, grunt_temple_overflow_growth_and_decay,
          overflow_temple_1_default, minmay_temple_entry_butterflies,
          ebering_ghost_sewer_d, uniq_menkaure, uniq_blork_the_orc, uniq_grinder
D:5:      layout_loops_cross, minitemple, overflow_temple_1_default,
          kennysheep_small_spiral, uniq_eustachio, uniq_sigmund, uniq_edmund,
          uniq_pikel, uniq_prince_ribbit1
D:6:      layout_loops_ring, nicolae_overflow_crystal_walls,
          eat_drink_and_be_merry_uskayaw, lightli_temple_of_fire,
          nicolae_ru_path_of_blood, uniq_maggie
D:7:      layout_cave_pools, serial_undead, serial_undead_b, serial_undead_d,
          serial_undead_b, serial_undead_f
D:8:      layout_cave_pods, serial_shops, nicolae_shop_behind_doors,
          david_nohive_1, uniq_psyche
Temple:   chequers_temple_sunken

Skill      XL: |  1  2  3  4  5  6  7  8  9 |
---------------+----------------------------+-----
Spellcasting   | 2 3 4 5 6 7 |  7.6
Ice Magic      | 4 5 6 8 10 11 | 11.8
Dodging        | |  1.7
Stealth        | |  1.7

Action                   |  1- 3 |  4- 6 |  7- 9 | 10-12 || total
-------------------------+-------+-------+-------+-------++-------
Melee: Unarmed           |    69 |       |       |       ||    69
       Staff             |     5 |    80 |   241 |       ||   326
 Cast: Freeze            |    76 |    34 |    51 |       ||   161
       Frozen Ramparts   |       |     6 |    26 |     1 ||    33
       Summon Ice Beast  |       |       |    41 |     3 ||    44
Evoke: Wand              |       |     7 |    10 |       ||    17
  Use: Scroll            |       |     5 |     2 |       ||     7
       Potion            |       |       |       |     2 ||     2
 Stab: Sleeping          |     3 |       |     2 |       ||     5
       Distracted        |       |       |     1 |       ||     1
  Eat: Chunk             |     6 |     7 |    18 |       ||    31
       Ration            |       |       |     2 |       ||     2
Armor: Robe              |    13 |       |   117 |       ||   130
       Leather armour    |    35 |    30 |       |       ||    65
Dodge: Dodged            |   109 |    67 |   228 |     1 ||   405
